 Dungeon Crawl Stone Soup version 0.20-a0-214-gb74cb0e (webtiles) character file.

16212 yukitheduck the Cleaver (level 12, -5/110 HPs)
             Began as a Deep Dwarf Chaos Knight on Nov 27, 2016.
             Killed from afar by a starcursed mass (6 damage)
             ... with an accursed screaming
             ... while paralysed by accursed screaming
             ... on level 1 of the Abyss.
             The game lasted 01:04:22 (8874 turns).

yukitheduck the Cleaver (Deep Dwarf Chaos Knight)   Turns: 8874, Time: 01:04:22

Health: -5/110     AC: 18    Str: 26      XL:     12   Next: 8%
Magic:  2/2        EV: -1    Int: 17      God:    Xom [*.....]
Gold:   746        SH:  0    Dex:  8 (12) Spells: 11/11 levels left

rFire  + . .     SeeInvis +     F - +3 morningstar (chaos)
rCold  . . .     Gourm    .     v - +4 ring mail "Vufast" {*Slow +Inv rC+ SInv}
rNeg   + . .     Faith    .     f - +0 buckler
rPois  .         Spirit   .     w - +2 hat {SInv}
rElec  +         Reflect  .     o - +1 cloak
rCorr  +         Harm     .     (no gloves)
MR     +....                    b - +1 pair of boots of Lies {rC- rN+ rCorr Int+2}
Stlth  +.........               (no amulet)
                                O - ring of stealth
                                j - ring of protection from fire

@: paralysed, mighty, very slightly contaminated, non-regenerating, mildly
diseased, hasted, constricted
A: damage resistance, recharge devices, hooves 1, icy blue scales 1, large bone
plates 1, clever 1, mutation resistance 1, sense surroundings 2, robust 1,
electricity resistance, slow regeneration 3
a: Device Recharging, Renounce Religion, Evoke Invisibility


You were on level 1 of the Abyss.
You worshipped Xom.
You were a special plaything of Xom.
You were full.

You visited 2 branches of the dungeon, and saw 13 of its levels.
You visited the Abyss 1 time.

You collected 746 gold pieces.

Inventory:

Hand Weapons
 a - a +0 hand axe of chaos
 F - a +3 morningstar of chaos (weapon)
Missiles
 r - 2 throwing nets (quivered)
 H - 4 javelins of penetration
Armour
 b - the +1 pair of boots of Lies (worn) {rC- rN+ rCorr Int+2}
   (You found it on level 8 of the Dungeon)

   It affects your intelligence (+2).
   It makes you vulnerable to cold.
   It protects you from negative energy.
   It protects you from acid and corrosion.
 f - a +0 buckler (worn)
 o - a +1 cloak (worn)
 v - the +4 ring mail "Vufast" (worn) {*Slow +Inv rC+ SInv}
   (You found it on level 5 of the Dungeon)

   It protects you from cold.
   It lets you see invisible.
   It lets you turn invisible.
   It may slow you when you take damage.
 w - a +2 hat of see invisible (worn)
Jewellery
 j - a ring of protection from fire (left hand)
 O - a ring of stealth (right hand)
Wands
 c - a wand of heal wounds (2/9)
 y - a wand of iceblast (1/15)
 A - a wand of polymorph (12/24)
 D - a wand of acid (7/15)
 K - a wand of disintegration (10/24)
 M - a wand of iceblast (7/15)
Scrolls
 g - a scroll of amnesia
 x - 2 scrolls of fog
 z - a scroll of recharging
 B - a scroll of enchant armour
 G - a scroll of fear
 J - a scroll of magic mapping
 N - 2 scrolls of remove curse
 P - a scroll of identify
Potions
 h - 5 potions of agility
 k - a potion of lignification {unknown}
 l - 3 potions of curing
 n - 2 potions of resistance
 p - 2 potions of cure mutation
 E - 2 potions of brilliance
 L - a potion of cancellation {unknown}
Comestibles
 d - 11 bread rations
 q - 6 beef jerkies
 s - 7 meat rations
 t - a royal jelly
 C - 9 fruits
 I - 7 slices of pizza


   Skills:
 - Level 4.6 Fighting
 - Level 14.1(16.2) Axes
 + Level 13.0(15.0) Maces & Flails
 - Level 4.3 Armour
 - Level 1.1 Dodging
 - Level 4.0 Shields


You had 11 spell levels left.
You didn't know any spells.

Dungeon Overview and Level Annotations

Branches:
Dungeon (12/15)            Temple (0/1) D:6            Lair (1/6) D:11
    Orc: D:9-12

Altars:
Elyvilon
Gozag
Hepliaklqana
Makhleb
Okawaru
Sif Muna
Uskayaw
Xom
Yredelemnul
Zin
The Shining One

Shops:
D:10 (   D:11 (

Annotations:
D:11 exclusions: 2 centaurs and 1 more exclusion
Lair:1 Sonja


Innate Abilities, Weirdness & Mutations

You are resistant to damage.
You can recharge devices by infusing magical energy.
You passively map the area around you.
You do not regenerate.
You have large cloven feet.
You are partially covered in icy blue scales. (AC +2)
You are partially covered in large bone plates. (SH +4)
Your mind is acute. (Int +2)
You are somewhat resistant to further mutation.
You are robust. (+10% HP)
You are resistant to electric shocks. (rElec)


Message History

Press: ? - help, Shift-Dir - straight line, f - you You feel much better.
This wand has 2 charges left.
You block the starcursed mass's attack.
A cacophony of accursed wailing tears at your sanity!
You suddenly lose the ability to move!
The starcursed mass engulfs you. The tentacled starspawn bites you.
The tentacled starspawn engulfs you!!
* * * LOW HITPOINT WARNING * * *
The starspawn tentacle constricts you.
The starcursed mass engulfs you but does no damage. x3
The tentacled starspawn bites you!
* * * LOW HITPOINT WARNING * * *
The tentacled starspawn engulfs you but does no damage.
The starspawn tentacle constricts you. The starcursed mass engulfs you.
* * * LOW HITPOINT WARNING * * *
The starcursed mass engulfs you but does no damage.
The starcursed mass engulfs you!
* * * LOW HITPOINT WARNING * * *
A cacophony of accursed wailing tears at your sanity!
You die...
Xom chortles!

#.#.≈. .#. 5 #
≈≈≈# #.. ..###
≈≈≈##.#.
.....###..#... #
...§#≈≈...# ..
#wwX...#.#
#X@XX# .# .#
#..XWX#XX....###
#...XX XX.....#.
#...#5 ..##... .
#.....≈##..... .
.... .≈ #### .
....≈≈.. #.#.#
##. ≈≈. #. ≈≈#
.#


You could see 11 starcursed masses, a tentacled starspawn, a freezing wraith, 2
starspawn tentacles and a quasit.

Vanquished Creatures
  Gastronok (D:8)
  A harpy (Lair:1)
  3 large abominations (Abyss:1)
  A centaur zombie (D:11)
  Joseph (Lair:1)
  Maurice (D:8)
  A black mamba (Lair:1)
  A spiny frog (D:11)
  2 komodo dragons (D:11)
  An ancient zyme (Abyss:1)
  A hornet (D:11)
  2 trolls
  A two-headed ogre (D:10)
  2 hippogriffs
  A flying skull (Abyss:1)
  2 wyverns
  16 yaks
  A fire bat (Abyss:1)
  2 basilisks
  A human (D:10)
  3 hogs (D:10)
  A hog (shapeshifter) (D:10)
  4 hungry ghosts
  Duvessa (D:7)
  A water moccasin (D:8)
  A porcupine (D:2)
  A black bear (D:7)
  6 orc warriors
  A sky beast (D:11)
  3 necrophages
  5 phantoms
  2 ogres
  3 centaurs
  2 crocodiles
  2 big kobolds
  12 bullfrogs
  Dowan (D:7)
  A small abomination (Abyss:1)
  3 scorpions
  4 wights
  3 howler monkeys
  10 crimson imps
  3 bullfrog zombies
  4 hounds
  2 quasits
  2 jellies
  6 orc wizards
  A gnoll shaman (D:4)
  4 orc priests
  3 bullfrog skeletons
  3 centaur skeletons
  2 iguanas
  12 worker ants
  A hell rat (D:10)
  A killer bee zombie (D:7)
  2 hound skeletons
  A hound zombie (D:10)
  12 gnolls
  8 adders
  4 shadow imps
  An adder skeleton (D:7)
  2 worms
  4 dart slugs
  5 leopard geckos
  23 orcs
  A ball python (D:3)
  8 bats
  9 giant cockroaches
  8 goblins
  9 hobgoblins
  11 jackals
  7 quokkas
  7 frilled lizards
  A kobold (shapeshifter) (D:7)
  21 kobolds
  6 rats
  A starspawn tentacle (Abyss:1)
307 creatures vanquished.

Vanquished Creatures (collateral kills)
  An efreet (Abyss:1)
  A howler monkey (D:9)
  An orc (D:8)
3 creatures vanquished.

Vanquished Creatures (others)
  2 gnolls (D:4)
  An orc (D:9)
  A fungus (Lair:1)
  A lurking horror (Abyss:1)
  A starspawn tentacle (Abyss:1)
  4 toadstools (D:1)
10 creatures vanquished.

Grand Total: 320 creatures vanquished

Notes
Turn   | Place    | Note
-------+----------+-------------------------------------------
     0 | D:1      | yukitheduck the Deep Dwarf Chaos Knight began the quest for the Orb.
     0 | D:1      | Reached XP level 1. HP: 20/20 MP: 1/1
   152 | D:1      | Reached skill level 4 in Axes
   152 | D:1      | Reached XP level 2. HP: 12/27 MP: 2/2
   239 | D:1      | XOM: divination: detect creatures
   432 | D:1      | Reached XP level 3. HP: 17/33 MP: 3/3
   635 | D:2      | XOM: harmless Chrm miscast
   799 | D:2      | XOM: harmless Fire miscast
   807 | D:2      | Noticed a porcupine
   807 | D:2      | a worm changed into a porcupine
   808 | D:2      | Killed a porcupine
   808 | D:2      | Reached skill level 6 in Axes
   808 | D:2      | Reached XP level 4. HP: 10/40 MP: 4/4
   921 | D:2      | Reached XP level 5. HP: 46/46 MP: 5/5
  1061 | D:2      | Found an iron altar of Okawaru.
  1218 | D:2      | XOM: harmless Tmut miscast
  1236 | D:2      | Found a hazy altar of Hepliaklqana.
  1312 | D:2      | XOM: scenery: create altars
  1413 | D:3      | XOM: give mutation
  1413 | D:3      | Gained mutation: You are partially covered in icy blue scales. (AC +2) [Xom's grace]
  1423 | D:3      | XOM: cloud trail
  1569 | D:3      | XOM: give mutations
  1569 | D:3      | Gained mutation: You are partially covered in large bone plates. (SH +4) [Xom's grace]
  1569 | D:3      | Gained mutation: You have large cloven feet. [Xom's grace]
  1762 | D:3      | Found an opulent altar of Gozag.
  1773 | D:3      | Reached skill level 7 in Axes
  1800 | D:3      | Reached XP level 6. HP: 30/56 MP: 6/6
  2121 | D:4      | XOM: divination: detect items
  2125 | D:4      | XOM: destruction
  2137 | D:4      | XOM: cast spell 'Dispersal'
  2464 | D:4      | Reached XP level 7. HP: 27/64 MP: 7/7
  2487 | D:4      | Found a shimmering altar of Xom.
  2831 | D:5      | XOM: stealth player
  2831 | D:5      | Entered Level 5 of the Dungeon
  2862 | D:5      | Got a twisted ring mail
  2873 | D:5      | Identified the +4 ring mail "Vufast" {*Slow +Inv rC+ SInv} (You found it on level 5 of the Dungeon)
  2945 | D:5      | XOM: scenery: create altars
  2993 | D:5      | Found a hide-covered altar of Uskayaw.
  2997 | D:5      | XOM: polymorph ogre -> worm
  3127 | D:5      | XOM: silly message
  3156 | D:5      | Found a burning altar of Makhleb.
  3158 | D:5      | Found a glowing silver altar of Zin.
  3158 | D:5      | Noticed an angel
  3159 | D:5      | Noticed a balrug
  3179 | D:5      | XOM: mild Hex miscast
  3308 | D:5      | Reached skill level 8 in Axes
  3373 | D:5      | XOM: silly message
  3615 | D:6      | Found a white marble altar of Elyvilon.
  3781 | D:6      | Found a staircase to the Ecumenical Temple.
  3853 | D:6      | Reached skill level 9 in Axes
  3853 | D:6      | Reached XP level 8. HP: 70/72 MP: 7/7
  3954 | D:6      | Found a deep blue altar of Sif Muna.
  4024 | D:7      | Found a glowing golden altar of the Shining One.
  4067 | D:7      | XOM: divination: detect items
  4112 | D:7      | XOM: silly message
  4229 | D:7      | Reached skill level 10 in Axes
  4250 | D:7      | XOM: potion effect (brilliance)
  4254 | D:7      | XOM: potion effect (agility)
  4281 | D:7      | Noticed Duvessa
  4281 | D:7      | Noticed Dowan
  4293 | D:7      | Killed Duvessa
  4301 | D:7      | Killed Dowan
  4301 | D:7      | Reached skill level 11 in Axes
  4543 | D:7      | XOM: potion effect (invisibility)
  4673 | D:7      | XOM: divination: detect creatures
  4691 | D:8      | Noticed Gastronok
  4715 | D:8      | XOM: confuse monster(s)
  4721 | D:8      | Killed Gastronok
  4721 | D:8      | Reached skill level 13 in Axes
  4721 | D:8      | Gained mutation: You passively map the area around you. [Deep Dwarf growth]
  4721 | D:8      | Reached XP level 9. HP: 68/78 MP: 8/8
  4759 | D:8      | Reached skill level 14 in Axes
  4790 | D:8      | Found a basalt altar of Yredelemnul.
  4790 | D:8      | Noticed Maurice
  4803 | D:8      | Killed Maurice
  4803 | D:8      | Reached XP level 10. HP: 80/85 MP: 9/9
  4851 | D:8      | XOM: summons 10 friendly demons
  4905 | D:8      | XOM: god gift: glowing morningstar {god gift}
  5091 | D:8      | Got a pair of faintly glowing boots
  5097 | D:8      | Identified the +1 pair of boots of Lies {rC- rN+ rCorr Int+2} (You found it on level 8 of the Dungeon)
  5573 | D:9      | XOM: summons friendly chaos spawn
  5679 | D:9      | Found an iron altar of Okawaru.
  5786 | D:10     | Entered Level 10 of the Dungeon
  5791 | D:10     | Reached skill level 5 in Maces & Flails
  5827 | D:10     | XOM: 2-stop teleportation journey
  5884 | D:10     | XOM: god gift: 4 javelins of penetration
  6023 | D:10     | XOM: potion effect (agility)
  6042 | D:10     | XOM: scenery: create altars
  6135 | D:10     | XOM: confuse monster(s)
  6146 | D:10     | XOM: 2-stop teleportation journey
  6150 | D:10     | Found Xyajat's Weapon Boutique.
  6290 | D:10     | Gained mutation: You are resistant to hostile enchantments. (MR+) [potion of mutation]
  6290 | D:10     | Lost mutation: You are resistant to hostile enchantments. (MR+) [potion of mutation]
  6321 | D:10     | XOM: 1-stop teleportation journey
  6353 | D:10     | XOM: polymorph hound -> hell rat
  6555 | D:11     | XOM: harmless Erth miscast
  6562 | D:11     | Reached XP level 11. HP: 73/93 MP: 9/9
  6587 | D:11     | XOM: smoke on damage
  6587 | D:11     | Paralysed by a hornet for 1 turns
  6596 | D:11     | XOM: potion effect (brilliance)
  6719 | D:11     | XOM: harmless Chrm miscast
  6765 | D:11     | XOM: mild Pois miscast
  7011 | D:11     | XOM: give mutations
  7011 | D:11     | Gained mutation: You are somewhat resistant to further mutation. [Xom's grace]
  7011 | D:11     | Gained mutation: You are robust. (+10% HP) [Xom's grace]
  7011 | D:11     | Gained mutation: Your mind is acute. (Int +2) [Xom's grace]
  7011 | D:11     | Gained mutation: You are resistant to electric shocks. (rElec) [Xom's grace]
  7097 | D:11     | XOM: butterfly on damage
  7099 | D:11     | HP: 3/102 [komodo dragon (34)]
  7104 | D:11     | XOM: polymorph butterfly -> jelly
  7251 | D:11     | XOM: confusion
  7335 | D:11     | XOM: blink monster(s)
  7340 | D:11     | Reached skill level 10 in Maces & Flails
  7372 | D:11     | Found Efaa's Weapon Emporium.
  7421 | D:11     | Found a staircase to the Lair.
  7639 | D:11     | XOM: silly message
  7830 | Lair:1   | Entered Level 1 of the Lair of Beasts
  7852 | D:11     | XOM: polymorph spiny frog -> komodo dragon
  8027 | Lair:1   | Noticed Joseph
  8032 | Lair:1   | Killed Joseph
  8046 | Lair:1   | XOM: enchant monster (bad)
  8092 | Lair:1   | XOM: summons friendly crimson imp
  8134 | Lair:1   | XOM: medium Air miscast
  8242 | Lair:1   | Noticed a harpy
  8242 | Lair:1   | a basilisk changed into a harpy
  8242 | Lair:1   | XOM: enchant monster (good)
  8251 | Lair:1   | Killed a harpy
  8272 | Lair:1   | XOM: harmless Tloc miscast
  8318 | Lair:1   | Noticed Sonja
  8345 | Lair:1   | Cast into level 1 of the Abyss (Sonja)
  8375 | Abyss:1  | Noticed a thrashing horror
  8382 | Abyss:1  | Noticed a large abomination
  8397 | Abyss:1  | XOM: confuse monster(s)
  8405 | Abyss:1  | XOM: divination: detect items
  8452 | Abyss:1  | Noticed a tentacled starspawn
  8499 | Abyss:1  | Noticed a hell hog
  8503 | Abyss:1  | Noticed a sun demon
  8510 | Abyss:1  | XOM: enchant monster (bad)
  8511 | Abyss:1  | XOM: cast spell 'Summon Mana Viper'
  8515 | Abyss:1  | XOM: god gift: plate armour {god gift}
  8570 | Abyss:1  | Found a corrupted altar of Lugonu.
  8606 | Abyss:1  | XOM: god gift: 6 meat rations
  8611 | Abyss:1  | Reached XP level 12. HP: 98/110 MP: 5/5
  8615 | Abyss:1  | Noticed a starcursed mass
  8628 | Abyss:1  | XOM: polymorph apocalypse crab -> efreet
  8634 | Abyss:1  | Noticed a deep elf elementalist
  8723 | Abyss:1  | Noticed a green death
  8730 | Abyss:1  | Noticed a tentacled starspawn
  8730 | Abyss:1  | XOM: divination: detect items
  8731 | Abyss:1  | XOM: smoke on damage
  8821 | Abyss:1  | XOM: medium Chrm miscast
  8847 | Abyss:1  | Noticed a starcursed mass
  8852 | Abyss:1  | Noticed a tentacled starspawn
  8860 | Abyss:1  | XOM: smoke on damage
  8861 | Abyss:1  | Paralysed by accursed screaming for 1 turns
  8865 | Abyss:1  | XOM: smoke on damage
  8872 | Abyss:1  | Paralysed by accursed screaming for 2 turns
  8874 | Abyss:1  | HP: 1/110 [starcursed mass (10)]
  8874 | Abyss:1  | Killed from afar by a starcursed mass

Vault maps used:
D:1:      ldierk_walled_garden_2, minivault_24
D:2:      lemuel_coloured_pillars_altar, okawaru_altar_gauntlet_db
D:3:      lemuel_round_altar, first_bread, grunt_ministairs_6
D:4:      led_xom_imps
D:5:      grunt_temple_overflow_order_and_chaos_2,
          nicolae_overflow_crystal_walls, minmay_misc_feat_five
D:6:      led_sif_pool, elyvilon_altar_5
D:7:      tso_altar, uniq_duvessa
D:8:      yredelemnul_altar_generic, minmay_fountain_box, uniq_gastronok,
          uniq_maurice
D:9:      marbit_many_paths
D:10:     serial_shops, nicolae_shop_waterfront, grunt_livestock
D:11:     lair_entry_dummy, serial_shops, nicolae_shop_waterfront, centaur_isle
D:12:     david_orc_4
Lair:1:   zaba_anthole, minmay_holes, nicolae_quartered_pool_medium,
          beast_lair_carwin_5, uniq_joseph, uniq_sonja
Abyss:1:  evilmike_abyss_exit_kraken

Skill      XL: |  1  2  3  4  5  6  7  8  9 10 11 12 |
---------------+-------------------------------------+-----
Axes           | 4 6 7 9 13 14 | 14.1
Fighting       | 3 4 |  4.6
Shields        | 2 4 |  4.0
Armour         | 3 4 |  4.3
Maces & Flails | 8 12 13 | 13.0
Dodging        | |  1.1

Action                   |  1- 3 |  4- 6 |  7- 9 | 10-12 || total
-------------------------+-------+-------+-------+-------++-------
Melee: Hand axe          |    81 |   211 |   362 |    27 ||   681
       Kick              |       |    30 |    97 |    14 ||   141
       Morningstar       |       |       |       |   646 ||   646
 Abil: Device Recharging |       |       |     1 |     9 ||    10
Evoke: Wand              |     1 |     3 |     5 |    43 ||    52
  Use: Potion            |     1 |       |       |    11 ||    12
       Scroll            |       |       |    20 |     9 ||    29
 Stab: Paralysed         |     1 |       |    11 |    13 ||    25
       Petrifying        |       |     2 |       |       ||     2
       Petrified         |       |     3 |     1 |       ||     4
       Confused          |       |       |     1 |     5 ||     6
       Invisible         |       |       |     1 |       ||     1
  Eat: Chunk             |       |     5 |     8 |    18 ||    31
       Fruit             |       |       |       |     1 ||     1
       Pizza             |       |       |       |     1 ||     1
       Meat ration       |       |       |       |     1 ||     1
Armor: Leather armour    |    32 |    62 |    11 |       ||   105
       Ring mail         |       |       |    66 |   300 ||   366
Dodge: Dodged            |    36 |    85 |    97 |   312 ||   530
Block: Buckler           |     8 |    45 |   112 |   351 ||   516
